 Dungeon Crawl Stone Soup version 0.25-a0-294-gea9b1ad378 (webtiles) character file.

Game seed: 1072400633163351158, levelgen mode: deterministic

22541 MrRokkomies the Fighter (level 13, -3/109 HPs)
             Began as a Gnoll Wanderer on Dec 16, 2019.
             Was the Champion of Okawaru.
             Engulfed by a cloud of flame (11 damage)
             ... in a volcano.
             The game lasted 01:13:06 (19334 turns).

MrRokkomies the Fighter (Gnoll Wanderer)           Turns: 19334, Time: 01:13:07

Health: -3/109     AC: 10    Str: 14    XL:     13   Next: 0%
Magic:  8/8        EV: 14    Int: 25    God:    Okawaru [******]
Gold:   61         SH: 11    Dex: 18    Spells: 24/27 levels left

rFire    + . .     SeeInvis +   r - +0 falchion of Responsibility {antimagic, *Drain Dex+6} (curse)
rCold    . . .     Gourm    .   Q - +0 shield of Jokoex Oxka {+Fly rElec rPois Str-2} (curse)
rNeg     . . .     Faith    .   k - +1 ring mail "Okiesitu" {rF+ Int+4 Stlth+}
rPois    +         Spirit   .   e - +0 helmet {SInv}
rElec    +         Reflect  .   R - +1 cloak
rCorr    .         Harm     .   u - +0 pair of gloves
MR       +....                  i - +1 pair of boots
Stlth    +++++.....             v - amulet of rage
HPRegen  0.28/turn              H - -5 ring of protection (curse)
MPRegen  0.11/turn              F - ring of protection from magic

@: no status effects
A: distributed training, fangs 1, strong nose
a: Heroism, Finesse, Renounce Religion, Evoke Berserk Rage, Evoke Flight


You were in a volcano.
You worshipped Okawaru.
Okawaru was exalted by your worship.
You were not hungry.

You visited 3 branches of the dungeon, and saw 15 of its levels.
You also visited: Gauntlet and Volcano.

You collected 609 gold pieces.
You spent 548 gold pieces at shops.

Inventory:

Hand Weapons
 a - the +9 whip of the Morning {vamp, rPois Int+6 SInv}
   (You took it off a minotaur in a Gauntlet)

   It inflicts no extra harm, but heals its wielder when it wounds a living foe.
   It affects your intelligence (+6).
   It protects you from poison.
   It lets you see invisible.
 b - a +4 hand crossbow
 r - the cursed +0 falchion of Responsibility (weapon) {antimagic, *Drain Dex+6}
   (You found it on level 1 of the Lair of Beasts)

   It reduces the magical energy of the wielder, and disrupts the spells and
   magical abilities of those hit.
   Natural abilities and divine invocations are not affected.
   It affects your dexterity (+6).
   It causes draining when unequipped.
   It has a curse placed upon it.
 w - a +0 falchion of flaming
 C - the +12 glaive "Ogreslayer" {flame, *Corrode Str+4, unknown}
   (Okawaru gifted it to you in a volcano)

   It has been specially enchanted to burn those struck by it, causing extra
   injury to most foes and up to half again as much damage against particularly
   susceptible opponents.
   Big, fiery blades are also staple armaments of hydra-hunters.
   It affects your strength (+4).
   It may corrode you when you take damage.
Missiles
 d - 39 arrows
 h - a boomerang of dispersal
 n - a throwing net
 p - 67 poisoned darts
 D - 173 bolts
 G - 19 boomerangs (quivered)
 L - 32 javelins
 T - 6 silver javelins
Armour
 e - a +0 helmet of see invisible (worn)
 i - a +1 pair of boots (worn)
 k - the +1 ring mail "Okiesitu" (worn) {rF+ Int+4 Stlth+}
   (You bought it in a shop on level 9 of the Dungeon)

   It affects your intelligence (+4).
   It protects you from fire.
   It makes you more stealthy.
 u - a +0 pair of gloves (worn)
 Q - the cursed +0 shield of Jokoex Oxka (worn) {+Fly rElec rPois Str-2}
   (You found it on level 8 of the Dungeon)

   It affects your strength (-2).
   It insulates you from electricity.
   It protects you from poison.
   It lets you fly.
   It has a curse placed upon it.
 R - a +1 cloak (worn)
Jewellery
 j - a cursed ring of attention {unknown}
 v - an amulet of rage (around neck)
 B - a +2 ring of slaying {unknown}
 F - a ring of protection from magic (right hand)
 H - a cursed -5 ring of protection (left hand)
 K - an uncursed ring of protection from fire {unknown}
 N - an uncursed ring of poison resistance {unknown}
 O - a cursed ring of protection from fire {unknown}
 S - an uncursed ring of protection from cold
 V - an uncursed ring of magical power {unknown}
 X - a cursed ring of attention {unknown}
Wands
 g - a wand of digging (4)
 t - a wand of paralysis (5)
 x - a wand of acid (5)
 P - a wand of iceblast (20)
 Z - a wand of flame (3)
Scrolls
 m - 2 scrolls of fear
 o - 2 scrolls of fog
 s - 4 scrolls of teleportation
 y - 3 scrolls of enchant weapon
 J - 3 scrolls of immolation
Potions
 c - 8 potions of curing
 l - 2 potions of might
 q - 3 potions of agility
 z - 2 potions of flight {unknown}
 A - a potion of lignification {unknown}
 E - 2 potions of haste
 I - 2 potions of resistance
 U - 2 potions of mutation {unknown}
 W - a potion of magic {unknown}
Comestibles
 f - 28 rations


   Skills:
 + Level 12.5 Fighting
 + Level 7.7 Short Blades
 + Level 7.7 Long Blades
 + Level 7.7 Axes
 + Level 7.7 Maces & Flails
 + Level 7.7 Polearms
 + Level 7.7 Staves
 + Level 7.7 Slings
 + Level 7.7 Bows
 + Level 7.7 Crossbows
 + Level 8.1 Throwing
 + Level 9.0 Armour
 + Level 7.7 Dodging
 + Level 8.8 Stealth
 + Level 7.7 Shields
 + Level 7.7 Unarmed Combat
 + Level 7.7 Spellcasting
 + Level 6.4 Conjurations
 + Level 6.4 Hexes
 + Level 6.4 Charms
 + Level 6.4 Summonings
 + Level 6.4 Necromancy
 + Level 6.4 Translocations
 + Level 6.4 Transmutations
 + Level 6.4 Fire Magic
 + Level 6.4 Ice Magic
 + Level 6.4 Air Magic
 + Level 6.4 Earth Magic
 + Level 6.4 Poison Magic
 + Level 8.4 Invocations
 + Level 7.7 Evocations


You had 24 spell levels left.
You knew the following spells:

 Your Spells              Type           Power        Failure   Level  Hunger
a - Sticks to Snakes      Tmut           #####...     3%          2    None
b - Confusing Touch       Hex            #####.       2%          1    None

Your spell library contained the following spells:

 Spells                   Type           Power        Failure   Level  Hunger
 Animate Skeleton         Necr           N/A          2%          1    None
 Apportation              Tloc           #####.       2%          1    None
 Beastly Appendage        Tmut           #####.       2%          1    None
 Summon Small Mammal      Summ           ####         2%          1    None
 Spider Form              Tmut/Pois      #####.....   6%          3    None
 Ice Form                 Ice/Tmut       #####...     22%         4    ##.....
 Blade Hands              Tmut           #####.....   52%         5    #####..


Dungeon Overview and Level Annotations

Branches:
Dungeon (11/15)            Temple (1/1) D:4            Lair (3/6) D:11
 Shoals (0/4) Lair:2        Snake (0/4) Lair:2          Orc (0/2) D:9
Volcano (1/1)             Gauntlet (visited)

Altars:
Ashenzari
Cheibriados
Dithmenos
Elyvilon
Fedhas
Gozag
Hepliaklqana
Kikubaaqudgha
Makhleb
Nemelex Xobeh
Okawaru
Qazlal
Ru
Sif Muna
Trog
Uskayaw
Vehumet
Wu Jian
Xom
Yredelemnul
Zin
The Shining One

Shops:
D:5 %   D:9 [   D:11 [


Innate Abilities, Weirdness & Mutations

Your experience applies equally to all skills.
You have very sharp teeth.
Your uncanny sense of smell can sniff out nearby items.


Message History

You bite the alligator skeleton, but do no damage.
The alligator skeleton is almost destroyed.
The helpless alligator skeleton fails to defend itself.
You slash the alligator skeleton!
The alligator skeleton is almost destroyed.
In the distance, the volcano erupts with a roar.
The helpless alligator skeleton fails to defend itself.
You slash the alligator skeleton!
You destroy the alligator skeleton!
Okawaru accepts your kill.
You start resting.
The air gets thick with the scent of sulphur.
You start resting.
In the distance, the volcano erupts with a roar.
You are engulfed in blazing flames.
You resist.
* * * LOW HITPOINT WARNING * * *
You are engulfed in blazing flames.
You resist.
* * * LOW HITPOINT WARNING * * *
You are engulfed in blazing flames.
You resist.
You die...

≈## ≈§≈# ≈≈≈≈≈## #
§≈§≈§≈≈≈## #.#
≈§≈≈≈≈§°○°≈### ...
§≈≈≈§≈≈§≈.○#○## ..
§§≈≈≈≈≈§§≈☼..°°○###°#..#.
§≈§§≈§§≈≈≈○≈..°○@○○°°....
≈≈≈≈≈≈§≈.°○○°.○°###°#..#.
≈§≈≈≈≈≈≈.○.○○#°## ..
≈§.≈.....○°##### ...
.§.......### .##
..§....### # .....###
#...## .####


There were no monsters in sight!

Vanquished Creatures
  A minotaur (Gauntlet)
  Snorg (D:11)
  Erolcha (D:11)
  4 hydras
  Erica (Lair:2)
  Nergalle (Lair:1)
  A sixfirhy (Gauntlet)
  An unseen horror (D:11)
  A wizard (Gauntlet)
  Pikel (D:6)
  A manticore (Lair:2)
  A cyclops (D:11)
  A black mamba (Lair:1)
  A gargoyle (Volcano)
  3 spiny frogs
  A komodo dragon (Lair:2)
  A troll (D:10)
  2 dream sheep (D:10)
  Grinder (D:3)
  8 hippogriffs
  4 blink frogs (Lair:3)
  3 flying skulls (Volcano)
  2 wyverns
  2 alligator skeletons (Volcano)
  5 yaks
  4 hungry ghosts
  4 water moccasins
  7 porcupines
  A slave (D:5)
  4 ice beasts
  A sky beast (D:5)
  5 orc warriors
  A phantom (D:11)
  9 ogres
  4 centaurs
  5 big kobolds
  8 crocodiles
  7 bullfrogs
  5 scorpions
  2 howler monkeys
  4 crimson imps
  A quasit (D:8)
  A bullfrog zombie (D:11)
  A centaur skeleton (D:10)
  Crazy Yiuf (D:6)
  5 hounds
  2 jellies
  3 centaur zombies
  A gnoll shaman (D:7)
  4 orc priests
  7 orc wizards
  3 bullfrog skeletons
  Jessica (D:2)
  Natasha (thrice) (D:3)
  5 iguanas
  4 worker ants
  A worker ant zombie (D:10)
  Robin (D:3)
  8 gnolls
  6 adders
  3 shadow imps (Gauntlet)
  2 white imps (Gauntlet)
  3 ufetubi (Gauntlet)
  An ooze (D:4)
  An adder skeleton (D:5)
  3 worms
  A dart slug (D:1)
  6 leopard geckos
  44 orcs
  9 giant cockroaches
  8 goblins
  10 hobgoblins
  2 jackals (D:5)
  6 quokkas
  3 ball pythons
  A ball python skeleton (D:4)
  10 bats
  7 frilled lizards
  A giant cockroach zombie (D:5)
  8 kobolds
  A leopard gecko zombie (D:8)
  6 rats
314 creatures vanquished.

Vanquished Creatures (others)
  A wizard (Gauntlet)
  2 slaves (D:6)
  Blork the orc (D:6)
  A centaur skeleton (D:6)
  An iguana (D:6)
  3 demonic plants (Gauntlet)
  2 fungi (Lair:1)
11 creatures vanquished.

Grand Total: 325 creatures vanquished

Notes
Turn   | Place    | Note
-------+----------+-------------------------------------------
     0 | D:1      | Reached skill level 10 in Fighting
     0 | D:1      | MrRokkomies the Gnoll Wanderer began the quest for the Orb.
     0 | D:1      | MrRokkomies set off with the following items: a +2 dagger,
                  | a potion of heal wounds, a potion of curing, a +0 spear, a
                  | +0 robe, a ration
     0 | D:1      | Reached XP level 1. HP: 28/28 MP: 1/1
   243 | D:1      | Reached XP level 2. HP: 28/36 MP: 2/2
   712 | D:2      | Reached XP level 3. HP: 23/42 MP: 3/3
   919 | D:2      | Noticed Jessica
   928 | D:2      | Killed Jessica
   928 | D:2      | Reached skill level 1 in Invocations
   987 | D:2      | Reached skill level 1 in Short Blades
   987 | D:2      | Reached skill level 1 in Long Blades
   987 | D:2      | Reached skill level 1 in Axes
   987 | D:2      | Reached skill level 1 in Maces & Flails
   987 | D:2      | Reached skill level 1 in Polearms
   987 | D:2      | Reached skill level 1 in Staves
   987 | D:2      | Reached skill level 1 in Slings
   987 | D:2      | Reached skill level 1 in Bows
   987 | D:2      | Reached skill level 1 in Crossbows
   987 | D:2      | Reached skill level 1 in Dodging
   987 | D:2      | Reached skill level 1 in Shields
   987 | D:2      | Reached skill level 1 in Unarmed Combat
   987 | D:2      | Reached skill level 1 in Spellcasting
   987 | D:2      | Reached skill level 1 in Evocations
  1055 | D:2      | Reached XP level 4. HP: 48/48 MP: 5/5
  1259 | D:3      | Noticed Natasha
  1283 | D:3      | Killed Natasha
  1288 | D:3      | Reached skill level 1 in Conjurations
  1288 | D:3      | Reached skill level 1 in Hexes
  1288 | D:3      | Reached skill level 1 in Charms
  1288 | D:3      | Reached skill level 1 in Summonings
  1288 | D:3      | Reached skill level 1 in Necromancy
  1288 | D:3      | Reached skill level 1 in Translocations
  1288 | D:3      | Reached skill level 1 in Transmutations
  1288 | D:3      | Reached skill level 1 in Fire Magic
  1288 | D:3      | Reached skill level 1 in Ice Magic
  1288 | D:3      | Reached skill level 1 in Air Magic
  1288 | D:3      | Reached skill level 1 in Earth Magic
  1288 | D:3      | Reached skill level 1 in Poison Magic
  1435 | D:3      | Noticed Natasha
  1459 | D:3      | Killed Natasha
  1459 | D:3      | Reached XP level 5. HP: 38/54 MP: 5/7
  1620 | D:3      | Noticed Natasha
  1635 | D:3      | Killed Natasha
  1673 | D:3      | Noticed Grinder
  1675 | D:3      | Paralysed by Grinder for 7 turns
  1686 | D:3      | Noticed a fire elemental
  1686 | D:3      | Found a stormy altar of Qazlal.
  1687 | D:3      | Noticed a water elemental
  1687 | D:3      | Noticed an air elemental
  1886 | D:3      | Paralysed by Grinder for 5 turns
  1899 | D:3      | Killed Grinder
  1899 | D:3      | Reached skill level 5 in Armour
  1899 | D:3      | Reached XP level 6. HP: 8/61 MP: 7/9
  2328 | D:3      | Noticed Robin
  2348 | D:3      | Killed Robin
  2760 | D:4      | Found a sparkling altar of Nemelex Xobeh.
  2760 | D:4      | Found a staircase to the Ecumenical Temple.
  2779 | D:3      | Reached XP level 7. HP: 37/67 MP: 10/10
  3190 | Temple   | Entered the Ecumenical Temple
  3341 | Temple   | Became a worshipper of Warmaster Okawaru
  3873 | D:4      | Reached skill level 5 in Stealth
  4177 | D:5      | Entered Level 5 of the Dungeon
  4189 | D:4      | Reached XP level 8. HP: 53/74 MP: 12/12
  4327 | D:4      | Reached * piety under Okawaru
  5067 | D:5      | Found Hunnus's Food Boutique.
  5102 | D:5      | Reached ** piety under Okawaru
  5387 | D:6      | Noticed Pikel
  5431 | D:6      | Killed Pikel
  5431 | D:6      | Reached skill level 11 in Fighting
  5431 | D:6      | Reached XP level 9. HP: 22/81 MP: 13/15
  5755 | D:6      | Killed Blork the orc
  5920 | D:6      | Found a shimmering blue altar of Sif Muna.
  5922 | D:6      | Found a stormy altar of Qazlal.
  5923 | D:6      | Found an ornate altar of the Wu Jian Council.
  6264 | D:6      | Found a runed translucent door.
  6265 | D:6      | Noticed Crazy Yiuf
  6373 | D:6      | Killed Crazy Yiuf
  6477 | D:7      | Reached *** piety under Okawaru
  6477 | D:7      | Reached skill level 5 in Throwing
  7082 | D:7      | Reached skill level 5 in Invocations
  7185 | D:7      | Received a gift from Okawaru
  7354 | D:7      | Found a shimmering altar of Xom.
  7354 | D:7      | Found a bloodstained altar of Trog.
  7432 | D:7      | Reached XP level 10. HP: 71/88 MP: 17/17
  7601 | D:8      | Reached **** piety under Okawaru
  7774 | D:8      | Got a brightly glowing shield
  7785 | D:8      | Identified the cursed +0 shield of Jokoex Oxka {+Fly rElec
                  | rPois Str-2} (You found it on level 8 of the Dungeon)
  8346 | D:8      | Found an opulent altar of Gozag.
  8690 | D:9      | Found a staircase to the Orcish Mines.
  8734 | D:9      | Found Afegrefa's Armour Boutique.
  8764 | D:9      | Bought a +0 helmet of see invisible for 138 gold pieces
  9106 | D:9      | Reached skill level 5 in Short Blades
  9106 | D:9      | Reached skill level 5 in Long Blades
  9106 | D:9      | Reached skill level 5 in Axes
  9106 | D:9      | Reached skill level 5 in Maces & Flails
  9106 | D:9      | Reached skill level 5 in Polearms
  9106 | D:9      | Reached skill level 5 in Staves
  9106 | D:9      | Reached skill level 5 in Slings
  9106 | D:9      | Reached skill level 5 in Bows
  9106 | D:9      | Reached skill level 5 in Crossbows
  9106 | D:9      | Reached skill level 5 in Dodging
  9106 | D:9      | Reached skill level 5 in Shields
  9106 | D:9      | Reached skill level 5 in Unarmed Combat
  9106 | D:9      | Reached skill level 5 in Spellcasting
  9106 | D:9      | Reached skill level 5 in Evocations
  9483 | D:10     | Entered Level 10 of the Dungeon
  9519 | D:10     | Noticed a two-headed ogre
  9546 | D:10     | Learned a level 2 spell: Sticks to Snakes
 10637 | D:10     | Received a gift from Okawaru
 11046 | D:10     | Noticed a three-headed hydra
 11051 | D:10     | Killed a one-headed hydra
 11051 | D:10     | Reached ***** piety under Okawaru
 11051 | D:10     | Reached XP level 11. HP: 76/95 MP: 19/19
 11933 | D:11     | Noticed an unseen horror
 11966 | D:11     | Killed an unseen horror
 11987 | D:11     | Found a gate leading to a gauntlet.
 11995 | D:11     | Reached skill level 5 in Conjurations
 11995 | D:11     | Reached skill level 5 in Hexes
 11995 | D:11     | Reached skill level 5 in Charms
 11995 | D:11     | Reached skill level 5 in Summonings
 11995 | D:11     | Reached skill level 5 in Necromancy
 11995 | D:11     | Reached skill level 5 in Translocations
 11995 | D:11     | Reached skill level 5 in Transmutations
 11995 | D:11     | Reached skill level 5 in Fire Magic
 11995 | D:11     | Reached skill level 5 in Ice Magic
 11995 | D:11     | Reached skill level 5 in Air Magic
 11995 | D:11     | Reached skill level 5 in Earth Magic
 11995 | D:11     | Reached skill level 5 in Poison Magic
 12001 | Gauntlet | Entered a Gauntlet
 12001 | Gauntlet | Found a large runed translucent door.
 12001 | Gauntlet | Found a large runed translucent door.
 12001 | Gauntlet | Found a large runed translucent door.
 12001 | Gauntlet | Found a large runed translucent door.
 12001 | Gauntlet | Found a large runed translucent door.
 12001 | Gauntlet | Found a large runed translucent door.
 12001 | Gauntlet | Found a runed translucent door.
 12001 | Gauntlet | Found a transporter.
 12001 | Gauntlet | Found a transporter.
 12001 | Gauntlet | Found a runed translucent door.
 12001 | Gauntlet | Found a large runed translucent door.
 12001 | Gauntlet | Found a large runed translucent door.
 12001 | Gauntlet | Found a large runed translucent door.
 12001 | Gauntlet | Found a large runed translucent door.
 12001 | Gauntlet | Found a large runed translucent door.
 12001 | Gauntlet | Found a large runed translucent door.
 12134 | Gauntlet | Found a transporter.
 12136 | Gauntlet | Found a transporter.
 12141 | Gauntlet | Found a transporter.
 12160 | Gauntlet | Found a transporter.
 12163 | Gauntlet | Noticed a hell hog
 12167 | Gauntlet | Noticed a cyan ugly thing
 12168 | Gauntlet | Noticed a great orb of eyes
 12170 | Gauntlet | Found a transporter.
 12173 | Gauntlet | Found a transporter.
 12175 | Gauntlet | Noticed a death yak
 12177 | Gauntlet | Noticed a necromancer
 12178 | Gauntlet | Noticed a death yak
 12178 | Gauntlet | Noticed a death yak
 12194 | Gauntlet | Found a transporter.
 12201 | Gauntlet | Found a transporter.
 12215 | Gauntlet | Found a transporter.
 12215 | Gauntlet | Noticed a glowing orange brain
 12230 | Gauntlet | Found a large runed translucent door.
 12231 | Gauntlet | Found a large runed translucent door.
 12233 | Gauntlet | Found a runed translucent gate.
 12234 | Gauntlet | Found a runed translucent gate.
 12234 | Gauntlet | Noticed a sixfirhy
 12235 | Gauntlet | Found a transporter.
 12235 | Gauntlet | Found a runed translucent gate.
 12253 | Gauntlet | Found a large runed translucent door.
 12254 | Gauntlet | Found a large runed translucent door.
 12280 | Gauntlet | Found a transporter.
 12294 | Gauntlet | Noticed a wizard
 12294 | Gauntlet | Noticed a wizard
 12296 | Gauntlet | Found a transporter.
 12396 | Gauntlet | Found a transporter.
 12399 | Gauntlet | Noticed a green ugly thing
 12418 | Gauntlet | Found a transporter.
 12446 | Gauntlet | Noticed a glowing orange brain
 12801 | Gauntlet | Killed a sixfirhy
 12801 | Gauntlet | Received a gift from Okawaru
 13077 | Gauntlet | Killed a wizard
 13089 | Gauntlet | Killed a wizard
 13089 | Gauntlet | Received a gift from Okawaru
 13465 | Gauntlet | Identified the +9 whip of the Morning {vamp, rPois Int+6
                  | SInv}
 13465 | Gauntlet | Noticed a minotaur
 13480 | Gauntlet | Killed a minotaur
 13480 | Gauntlet | Received a gift from Okawaru
 13514 | D:11     | Noticed Erolcha
 13530 | D:11     | Killed Erolcha
 13530 | D:11     | Reached skill level 12 in Fighting
 13623 | D:11     | Found a staircase to the Lair.
 13653 | D:11     | Noticed a cyclops
 13879 | D:11     | Killed a cyclops
 14167 | D:11     | Learned a level 1 spell: Confusing Touch
 14211 | D:11     | Found Paijorimn's Armour Shop.
 14514 | D:11     | Found a hazy altar of Hepliaklqana.
 14532 | D:11     | Noticed Snorg
 14580 | D:11     | Killed Snorg
 14580 | D:11     | Reached XP level 12. HP: 102/102 MP: 2/22
 14745 | D:9      | Bought the +1 ring mail "Okiesitu" {rF+ Int+4 Stlth+} for
                  | 410 gold pieces
 14812 | Lair:1   | Entered Level 1 of the Lair of Beasts
 14947 | Lair:1   | Noticed Nergalle
 14969 | Lair:1   | Killed Nergalle
 15498 | Lair:1   | Noticed a seven-headed hydra
 15512 | Lair:1   | Killed a one-headed hydra
 15914 | Lair:1   | Received a gift from Okawaru
 15994 | Lair:1   | Got a twisted falchion
 15995 | Lair:1   | Identified the cursed +0 falchion of Responsibility
                  | {antimagic, *Drain Dex+6} (You found it on level 1 of the
                  | Lair of Beasts)
 16611 | Lair:1   | Received a gift from Okawaru
 16880 | Lair:1   | Noticed a five-headed hydra
 16889 | Lair:1   | Killed a five-headed hydra
 17243 | Lair:2   | Found a staircase to the Snake Pit.
 17295 | Lair:2   | Found a staircase to the Shoals.
 17611 | Lair:2   | Reached ****** piety under Okawaru
 17611 | Lair:2   | Received a gift from Okawaru
 17974 | Lair:2   | Noticed Erica
 18002 | Lair:2   | Killed Erica
 18655 | Lair:3   | Noticed a six-headed hydra
 18675 | Lair:3   | Killed a six-headed hydra
 18970 | Lair:3   | Found a dark tunnel.
 18976 | Volcano  | Entered a volcano
 19009 | Volcano  | Received a gift from Okawaru
 19010 | Volcano  | Got a warped glaive {god gift}
 19293 | Volcano  | Reached XP level 13. HP: 15/109 MP: 8/24
 19334 | Volcano  | Engulfed by a cloud of flame

Levels and vault maps discovered:
D:1:      lightli_arrival_lavapool, layout_rooms, serial_bayou_pond_c
D:2:      layout_rooms, minmay_crystal_room, uniq_jessica
D:3:      minmay_recursive_quarters, layout_loops_ring, first_ration,
          nicolae_qazlal_style_of_elements, uniq_natasha, uniq_grinder,
          uniq_robin
D:4:      layout_basic, temple_fountains, nemelex_xobeh_ov_fountains_minmay
D:5:      layout_rooms, serial_shops, shop
D:6:      layout_basic, grunt_temple_overflow_open, uniq_pikel,
          uniq_blork_the_orc, uniq_crazy_yiuf_cottage
D:7:      layout_rooms, gammafunk_temple_overflow_elements
D:8:      layout_loops_corners, marbit_many_paths
D:9:      layout_loops_corners, orc_david_3
D:10:     layout_long_grid, hangedman_ranch [blue_anna_fruit_fields],
          minmay_puff
D:11:     cheibrodos_helix_gallery, layout_long_grid, basic_altar,
          gauntlet_entry_generic, serial_shops, shop, uniq_snorg, uniq_erolcha
Temple:   regret_index_temple_sphere_string
Lair:1:   layout_cave_pods, lemuel_fruit_tree, uniq_nergalle
Lair:2:   layout_big_grid, minmay_shoals_entry_beasts, dummy_snake_entry,
          chequers_serial_rivers_room_b, st_stairs_4, uniq_erica
Lair:3:   layout_chaotic_city, nicolae_volcano_entry_s_turn,
          chequers_serial_rivers_micro_c, beast_lair_carwin_5
Volcano:  volcano_tomb [vts_chambers]

Skill      XL: |  1  2  3  4  5  6  7  8  9 10 11 12 |
---------------+-------------------------------------+-----
Fighting       | 11 12 | 12.5
Invocations    | 1 2 3 4 5 6 7 8 |  8.4
Short Blades   | 1 2 4 5 6 7 |  7.7
Long Blades    | 1 2 4 5 6 7 |  7.7
Axes           | 1 2 4 5 6 7 |  7.7
Maces & Flails | 1 2 4 5 6 7 |  7.7
Polearms       | 1 2 4 5 6 7 |  7.7
Staves         | 1 2 4 5 6 7 |  7.7
Slings         | 1 2 4 5 6 7 |  7.7
Bows           | 1 2 4 5 6 7 |  7.7
Crossbows      | 1 2 4 5 6 7 |  7.7
Dodging        | 1 2 4 5 6 7 |  7.7
Shields        | 1 2 4 5 6 7 |  7.7
Unarmed Combat | 1 2 4 5 6 7 |  7.7
Spellcasting   | 1 2 4 5 6 7 |  7.7
Evocations     | 1 2 4 5 6 7 |  7.7
Conjurations   | 1 2 3 4 5 6 |  6.4
Hexes          | 1 2 3 4 5 6 |  6.4
Charms         | 1 2 3 4 5 6 |  6.4
Summonings     | 1 2 3 4 5 6 |  6.4
Necromancy     | 1 2 3 4 5 6 |  6.4
Translocations | 1 2 3 4 5 6 |  6.4
Transmutations | 1 2 3 4 5 6 |  6.4
Fire Magic     | 1 2 3 4 5 6 |  6.4
Ice Magic      | 1 2 3 4 5 6 |  6.4
Air Magic      | 1 2 3 4 5 6 |  6.4
Earth Magic    | 1 2 3 4 5 6 |  6.4
Poison Magic   | 1 2 3 4 5 6 |  6.4
Throwing       | 3 4 5 6 7 8 |  8.1
Armour         | 5 6 7 8 9 |  9.0
Stealth        | 5 6 7 8 |  8.8

Action                   |  1- 3 |  4- 6 |  7- 9 | 10-12 | 13-15 || total
-------------------------+-------+-------+-------+-------+-------++-------
Melee: Dagger            |    84 |   138 |    84 |       |       ||   306
       Bite              |     5 |    13 |    55 |    96 |     3 ||   172
       Punch             |       |     2 |       |       |       ||     2
       Whip              |       |       |   374 |   567 |       ||   941
       Falchion          |       |       |       |   281 |     9 ||   290
 Fire: Hunting sling     |       |       |       |    33 |       ||    33
       Hand crossbow     |       |       |       |    49 |       ||    49
Throw: Stone             |     3 |       |       |       |       ||     3
       Dart              |     6 |    46 |    62 |    44 |       ||   158
       Throwing net      |       |     1 |       |       |       ||     1
       Boomerang         |       |       |       |   103 |       ||   103
 Cast: Sticks to Snakes  |       |       |       |    11 |       ||    11
Invok: Heroism           |       |       |       |     7 |       ||     7
 Abil: Evoke Berserk Rag |       |     1 |     2 |    15 |       ||    18
Evoke: Wand              |       |       |    13 |     6 |     1 ||    20
  Use: Scroll            |     4 |     1 |    11 |    11 |       ||    27
       Potion            |       |     1 |     1 |     8 |       ||    10
 Stab: Sleeping          |     4 |     6 |     3 |     7 |       ||    20
       Invisible         |       |       |       |     7 |       ||     7
       Distracted        |       |       |       |     2 |       ||     2
       Paralysed         |       |       |       |    10 |     9 ||    19
  Eat: Chunk             |       |     7 |    10 |    27 |       ||    44
       Ration            |       |       |     2 |    10 |       ||    12
Armor: Robe              |     8 |       |       |       |       ||     8
       Leather armour    |    14 |    35 |    19 |       |       ||    68
       Ring mail         |       |       |   108 |   227 |       ||   335
Dodge: Dodged            |    60 |    88 |   254 |   365 |       ||   767
Block: Buckler           |       |     9 |   109 |     5 |       ||   123
       Shield            |       |       |       |   380 |       ||   380
       Rpst.: Falchion   |       |       |       |    24 |       ||    24

Table legend:
 A = Non-vault XP
 B = Vault XP
 C = Vault XP percentage of total XP
 D = Non-vault monster count
 E = Vault monster count
 F = Vault count percentage of total count
                 A         B        C        D         E       F
            +---------+---------+-------+---------+---------+-------
      Total |   19599 |   12603 |  39.1 |     247 |      67 |  21.3
            +---------+---------+-------+---------+---------+-------
        D:1 |      21 |       0 |   0.0 |      13 |       0 |   0.0
        D:2 |      26 |      37 |  58.7 |      13 |       1 |   7.1
        D:3 |     208 |     346 |  62.5 |      27 |      19 |  41.3
        D:4 |     674 |       0 |   0.0 |      18 |       0 |   0.0
        D:5 |     981 |       0 |   0.0 |      26 |       0 |   0.0
        D:6 |     273 |     659 |  70.7 |      12 |       2 |  14.3
        D:7 |    1523 |       0 |   0.0 |      29 |       0 |   0.0
        D:8 |     545 |      41 |   7.0 |       9 |       1 |  10.0
        D:9 |     236 |      21 |   8.2 |       8 |       7 |  46.7
       D:10 |    2607 |    2363 |  47.5 |      37 |      10 |  21.3
       D:11 |    3580 |    2134 |  37.3 |      23 |       4 |  14.8
     Lair:1 |    4854 |     808 |  14.3 |      17 |       1 |   5.6
     Lair:2 |    1921 |    1829 |  48.8 |       9 |       4 |  30.8
     Lair:3 |    2150 |       0 |   0.0 |       6 |       0 |   0.0
    Volcano |       0 |    1374 | 100.0 |       0 |       6 | 100.0
   Gauntlet |       0 |    2991 | 100.0 |       0 |      12 | 100.0
            +---------+---------+-------+---------+---------+-------
